Cogmind - Beta 15 @@@ ROGUE MODE // 2025.09.27 @ 13:53:47 Player: Shifty Result: Destroyed self with Mini Grenade Launcher Performance ------------- Evolutions (0) 0 Regions Visited (2) 400 Robots Destroyed (18) 90 Value Destroyed (425) 425 Prototype IDs (0) 0 Alien Tech Used (0) 0 Bonus (0) 0 TOTAL SCORE: 915 Bonus ------- None Cogmind --------- Core Integrity 0/250 Matter 275/300 Energy 265/265 System Corruption 0% Temperature Cool (41) Movement Walking (190) Ox1 Location -10/Mines Parts ------- > --- POWER (1) -------- Improved Ion Engine > --- PROPULSION (2) --- Aluminum Leg > --- UTILITY (2) ------ Small Storage Unit ECM Suite > --- WEAPON (2) ------- Mini Grenade Launcher > --- INVENTORY (8) ---- Improved Ion Engine Flight Unit Medium Matter Pod (100) High-capacity Matter Pod (8) Targeting Computer ECM Suite ECM Suite Ripper Peak State ------------ > --- POWER ------------ Improved Ion Engine > --- PROPULSION ------- Aluminum Leg > --- UTILITY ---------- Small Storage Unit ECM Suite > --- WEAPON ----------- Medium Laser Mini Grenade Launcher > --- INVENTORY -------- Improved Ion Engine Flight Unit Medium Matter Pod High-capacity Matter Pod Targeting Computer ECM Suite ECM Suite Ripper [Rating: 9] Favorites ----------- Power Improved Ion Engine Engine Improved Ion Engine Propulsion Aluminum Leg Leg Aluminum Leg Utility Small Storage Unit Device ECM Suite Storage Small Storage Unit Weapon Medium Laser Energy Gun Medium Laser Launcher Mini Grenade Launcher Build | -11 -10 -10 ------- Run | Yrd Mat Min Slots Evolved . | . . . Power . | . . . Propulsion . | . . . Utility . | . . . Weapon . | . . . Parts Attached 10 | 6 4 . Power 2 | 1 1 . Engine 2 | 1 1 . Core . | . . . Reactor . | . . . Propulsion 3 | 2 1 . Treads . | . . . Leg 3 | 2 1 . Wheel . | . . . Hover . | . . . Flight . | . . . Utility 2 | 1 1 . Device 1 | . 1 . Storage 1 | 1 . . Processor . | . . . Hackware . | . . . Protection . | . . . Artifact . | . . . Weapon 3 | 2 1 . Energy Gun 2 | 2 . . Energy Cannon . | . . . Ballistic Gun . | . . . Ballistic Cannon . | . . . Launcher 1 | . 1 . Special Weapon . | . . . Impact Weapon . | . . . Slashing Weapon . | . . . Piercing Weapon . | . . . Special Melee Weapon . | . . . Unidentified Prototypes . | . . . Parts Lost 4 | . 3 1 Power 1 | . 1 . Propulsion 2 | . 2 . Utility . | . . . Weapon 1 | . . 1 Highest Loss Streak 2 | . 2 1 To Critical Strikes . | . . . Average Backups 5 | . 5 7 Power . | . . 1 Propulsion . | . . . Utility 3 | . 3 5 Weapon . | . . 1 Tool/Special . | . . . Unused Backups 9 | . 1 8 Power 1 | . . 1 Propulsion 1 | . . 1 Utility 6 | . 1 5 Weapon 1 | . . 1 Tool/Special . | . . . Average Slot Usage (%) 88 | . 89 84 Engine 13 | . 12 14 Leg 19 | . 21 14 Device 12 | . 11 14 Storage 14 | . 14 14 Energy Gun 18 | . 20 13 Launcher 9 | . 7 14 Peak Build Rating 9 | 6 8 9 Average Rating 7 | 3 7 8 On Entrance 4 | . 6 8 Naked Turns . | . . . Heaviest Build 17 | 13 17 17 Greatest Support 20 | 20 20 10 Greatest Overweight (x) 3 | . 3 1 Average Overweight (x) . | . . 1 Largest Inventory Capacity 8 | 8 8 8 Average Capacity 7 | 6 8 8 Most Carried 8 | 5 8 8 Average Carried 5 | 1 5 7 Final Capacity 8 | 8 8 8 Final Carried 8 | . 7 8 Class Distribution -------------------- 100% | Mutant Dominant Class ---------------- Mutant | -10/Materials Mutant | -10/Mines Resources | -11 -10 -10 ----------- Run | Yrd Mat Min Matter Collected 463 | 215 248 . Remotely . | . . . Salvage Created 368 | . 360 8 Parts 25 | . 19 6 Haulers Intercepted 1 | . 1 . Recyclers Shooed 1 | . 1 . Parts Field Recycled . | . . . Retrieved Matter . | . . . Parts Self-Destructed . | . . . Prevented . | . . . Kills | -11 -10 -10 ------- Run | Yrd Mat Min Combat Hostiles Destroyed 16 | . 12 4 Guns 8 | . 8 . AOE 8 | . 4 4 Classes Destroyed 6 | . 5 1 Builder 1 | . 1 . Hauler 1 | . 1 . Watcher 1 | . 1 . Swarmer 6 | . 3 3 Grunt 9 | . 9 . Assembled 1 | . . 1 Best Kill Streak 4 | . 4 3 Combat Bots Only 3 | . 3 3 Max Kills in Single Turn 3 | . 2 3 Gunslinging . | . . . Exploded 3 | . 2 3 Melee . | . . . Uniques/NPCs Destroyed . | . . . Combat | -11 -10 -10 -------- Run | Yrd Mat Min Hostile Shots Fired 75 | . 73 2 Missed 24 | . 23 1 Hits 51 | . 50 1 Projectile 51 | . 50 1 Critical Strikes 1 | . 1 . Damage Taken 737 | . 678 59 Core 256 | . 224 32 Absorbed by Shields . | . . . Core Remaining (%) 100 | 100 . . Volleys Fired 57 | . 54 3 Largest 2 | . 2 2 Hottest 90 | . 90 80 Shots Fired 90 | . 85 5 Gun 80 | . 78 2 Cannon . | . . . Launcher 10 | . 7 3 Special . | . . . Kinetic . | . . . Thermal 80 | . 78 2 Explosive 10 | . 7 3 Electromagnetic . | . . . Robot Hit Streak 6 | . 6 . Robot Miss Streak 6 | . 6 2 Penetration Max . | . . . Secondary Targets 1 | . 1 . Max Gunslinging Chain 1 | . 1 . Shots Hit Robots 36 | . 36 . Core Hits 32 | . 26 6 Critical Kills . | . . . Critical Parts Destroyed . | . . . Critical Strikes 2 | . 2 . Burn 2 | . 2 . Melee Attacks . | . . . Impact . | . . . Slashing . | . . . Piercing . | . . . Sneak Attacks . | . . . Combat Hostiles . | . . . Follow-up Attacks . | . . . Damage Inflicted 1375 | . 1170 205 Guns 533 | . 533 . Cannons . | . . . Explosions 842 | . 637 205 Melee . | . . . Ramming . | . . . Kinetic . | . . . Thermal 533 | . 533 . Explosive 842 | . 637 205 Electromagnetic . | . . . Impact . | . . . Slashing . | . . . Piercing . | . . . Highest Corruption . | . . . Average Corruption . | . . . Corruption Purged . | . . . Corruption Blocked . | . . . Overload Shots . | . . . Overflow Damage 91 | . 79 12 Projectiles . | . . . Explosions 91 | . 79 12 Melee . | . . . Knockbacks . | . . . Impact . | . . . Kinetic . | . . . Secondary . | . . . Self-Inflicted Damage 177 | . 127 50 Shots 5 | . 3 2 Rammed . | . . . Targets Rammed . | . . . Kicked . | . . . Crushed . | . . . Highest Temperature 319 | . 319 41 Average Temperature 79 | . 81 15 Received Heat Transfer 305 | . 285 20 Effects 1 | . 1 . Energy Bleed 1 | . 1 . Siege Activations . | . . . Martial Activations . | . . . Shielding Activations . | . . . Robots Disrupted . | . . . Combat Hostiles . | . . . Robots Corrupted . | . . . Combat Hostiles . | . . . Parts Fried . | . . . Impact Corruptions . | . . . Robots Melted . | . . . Combat Hostiles . | . . . Parts Melted 3 | . 3 . Heat Transferred 1608 | . 1608 . Parts Sabotaged . | . . . Parts Stolen . | . . . Parts Stripped . | . . . Power Chain Reactions . | . . . Alert | -11 -10 -10 ------- Run | Yrd Mat Min Maximum Alert Level . | . . . Low Security (%) 100 | 100 100 100 Level 1 . | . . . Level 2 . | . . . Level 3 . | . . . Level 4 . | . . . Level 5 . | . . . High Security . | . . . Max Security . | . . . Peak Influence 195 | . 195 106 Initial 28 | . . 28 Average 63 | . 76 46 Influence Increases 485 | . 399 86 Destroy 0b10 Robot/C 300 | . 240 60 Destroy 0b10 Robot/NC 15 | . 15 . Destroy Leader 64 | . 54 10 Successful Hack 4 | . 4 . Disable Machine 15 | . 15 . Destroy Structure 87 | . 71 16 Influence Decreases 477 | . 326 151 Entered New Map 45 | . . 45 Time Decay 402 | . 296 106 Lost Part 30 | . 30 . Squads Dispatched 3 | . 3 . Investigation 2 | . 2 . Extermination . | . . . Reinforcement 1 | . 1 . Assault . | . . . Garrison . | . . . Intercept . | . . . Searches Triggered . | . . . Construction Impeded . | . . . Haulers Reinforced . | . . . Active Scanning Responses . | . . . Cargo Convoy Interrupts . | . . . Stealth | -11 -10 -10 --------- Run | Yrd Mat Min Distress Signals 1 | . 1 . Communications Jammed . | . . . Distress Signals . | . . . Times Spotted 21 | . 20 1 Peak Tracking Total 5 | . 5 1 Tactical Retreats 2 | . 2 . Traps | -11 -10 -10 ------- Run | Yrd Mat Min Traps Triggered 1 | . 1 . Indirectly . | . . . Trap Hack Attempts . | . . . Triggered . | . . . Disarmed . | . . . Reprogrammed . | . . . Reused . | . . . Traps Extracted . | . . . Installed . | . . . Triggered . | . . . Machines | -11 -10 -10 ---------- Run | Yrd Mat Min Machines Disabled 1 | . 1 . Max in Single Turn 1 | . 1 . Machines Repaired . | . . . Machines Dismantled . | . . . Machines Sabotaged . | . . . Overloaded Fab Kills . | . . . Hacking | -11 -10 -10 --------- Run | Yrd Mat Min Machines Accessed 2 | . 2 . Terminals 2 | . 2 . Fabricators . | . . . Repair Stations . | . . . Recycling Units . | . . . Scanalyzers . | . . . Garrison Access . | . . . Total Hacks 8 | . 8 . Successful 3 | . 3 . Failed 5 | . 5 . Catastrophic 1 | . 1 . Database Lockouts . | . . . Manual . | . . . Terminals 8 | . 8 . Fabricators . | . . . Repair Stations . | . . . Recycling Units . | . . . Scanalyzers . | . . . Garrison Access . | . . . Terminal Hacks 3 | . 3 . Record 2 | . 2 . Alert Level 1 | . 1 . Fabricator Hacks . | . . . Repair Station Hacks . | . . . Recycling Unit Hacks . | . . . Scanalyzer . | . . . Garrison Access Hacks . | . . . Unauthorized Hacks . | . . . Terminals . | . . . Fabricators . | . . . Repair Stations . | . . . Recycling Units . | . . . Scanalyzers . | . . . Garrison Access . | . . . Data Cores Recovered . | . . . Used . | . . . Hacking Detections 2 | . 2 . Full Trace Events 2 | . 2 . Feedback Events . | . . . Feedback Blocked . | . . . Robot Schematics Acquired . | . . . Robots Built . | . . . Authchips . | . . . Time . | . . . Total Robot Build Rating . | . . . Part Schematics Acquired . | . . . Parts Built . | . . . Authchips . | . . . Time . | . . . Total Part Build Rating . | . . . Parts Repaired . | . . . Time . | . . . Parts Recycled . | . . . Recycled Matter . | . . . Retrieved Matter . | . . . Retrieved Components . | . . . Parts Scanalyzed . | . . . Part Schematics Acquired . | . . . Parts Damaged . | . . . Bothacking | -11 -10 -10 ------------ Run | Yrd Mat Min Used RIF Installer . | . . . Robots Hacked . | . . . Non-combat . | . . . Combat . | . . . Robot Hacks Applied . | . . . Relay Couplers Released . | . . . Fabnet Peak Effective % . | . . . Robots Rewired . | . . . Allies Hacked . | . . . Hacks Repelled . | . . . Allies | -11 -10 -10 -------- Run | Yrd Mat Min Total Allies . | . . . Largest Group . | . . . Highest-Rated Group . | . . . Highest-Rated Ally . | . . . Total Orders . | . . . Ally Attacks . | . . . Total Damage . | . . . Kills . | . . . Allies Corrupted . | . . . Allies Melted . | . . . Intel | -11 -10 -10 ------- Run | Yrd Mat Min Active Infowar (turns) 734 | . 469 265 ECM 734 | . 469 265 Robot Analysis Total . | . . . Derelict Logs Recovered 1 | . . 1 Drone Launches . | . . . Drone Recoveries . | . . . Exploration | -11 -10 -10 ------------- Run | Yrd Mat Min Turns Passed 1160 | 84 811 265 Spaces Moved 629 | 87 407 135 Core 51 | 45 6 . Treads . | . . . Legs 578 | 42 401 135 Wheels . | . . . Hover . | . . . Flight . | . . . Fastest Speed 50 | 50 120 190 Average Speed 145 | 83 144 190 Slowest Speed 200 | 120 200 190 Overloaded Moves . | . . . Propulsion Burnouts . | . . . Robots Hopped . | . . . Potential Cave-ins . | . . . Cave-ins Triggered . | . . . Exploration Rate (%) 28 | 3 47 36 Regions Visited 2 Branch Regions 1 Pre-discovered Areas . | . . . Known Exits Taken . | . . . Unknown Exits Taken 2 | 1 1 . Scrap Searched . | . . . Spaces Dug . | . . . Terrain Destroyed 102 | . 84 18 Melee . | . . . Projectile . | . . . AOE 102 | . 84 18 Terrain Rammed . | . . . Walls Destroyed . | . . . Machines Disabled . | . . . Actions | -11 -10 -10 --------- Run | Yrd Mat Min Total 786 | 98 547 141 Wait 70 | . 70 . Move 627 | 86 406 135 Hop . | . . . Pick Up 19 | 6 11 2 Fast Attach . | . . . Attach 10 | 6 4 . Detach 1 | . 1 . Swap . | . . . Drop 2 | . 1 1 Fire 57 | . 54 3 Melee . | . . . Ram . | . . . Kick . | . . . Crush . | . . . Escape Stasis . | . . . Rewire . | . . . Trap . | . . . Miscellaneous . | . . . Route ------- -11/Scrapyard -10/Materials -10/Mines History --------- Turn | Location | Event 5 | -11/Scrapyard | Discovered new exit (range 15) 85 | -11/Scrapyard | Entered Materials 86 | -10/Materials | Met a group of wandering Federalists 234 | -10/Materials | Discovered new exit (range 8) 302 | -10/Materials | Build established: Mutant 580 | -10/Materials | Core integrity fell below 50% 580 | -10/Materials | Core integrity fell below 20% 896 | -10/Materials | Entered Mines 897 | -10/Mines | Assembled infested the area 902 | -10/Mines | Assisted by a Guerilla fighting off Assembled 969 | -10/Mines | A weapon hastily lodged in a ceiling crevice suddenly fell to the ground 1010 | -10/Mines | Learned Materials stockpile data 1161 | -10/Mines | Destroyed self with Mini Grenade Launcher Last Messages --------------- 00897_ ALERT: Infestation in the mines, dispatching Demolisher response squad. 00902_ A derelict emerges from the shadows: "You need to get out of here! I've been tracking a group of Assembled to figure out where they're coming from, and they're closing on this area, come on!" 00903_ Acquired Flight Unit. 00969_ A Ripper has been hastily shoved under some rubble with a note attached: "Rip and tear!" 00976_ Dropped Sml. Laser. 00977_ Acquired Ripper. 01010_ Acquired derelict log, extracted data. Data stored: Materials stockpile data. 01060_ K-01 Serf collects debris. 01158_ Med. Laser destroyed. 01158_ Destroyed Med. Laser. 01160_ U-05 Engineer lays Concrete. 01161_ as-04120 destroyed. Map ----- +----------------------------------------------------+ | ??????????# #???????# #??????????????????????????? | | ??????????# #???????# #??????????????????????????? | | ??????????# ##??????# #??????????????????????????? | | ?????????## ######## #??????????????????????????? | | ?????##### #??????????????????????????? | | ????## ####### #??????????????????????????? | | ???## #?????# #??????????????????????????? | | ???# ##?????# #??????????????????????????? | | ???# ##??????# #??????????????????????????? | | ???## [ ##???????# #??????????????????????????? | | ????## #????????# #??????????????????????????? | | ?????# #????????# #??????????????????????????? | | ?????## ##???????# #??????????????????????????? | | ??????## ##??????# #??????????????????????????? | | ???????# ##???### ##?????????? ??????????????? | | ???????# #??## ###??????# ?????????????? | | ???????# #??# ##???? #????????????? | | ??????## ##??# #### #?????????????? | | ???#### ##???# #??????????????? | | ??## #????## ##???????????????? | | ?## #?????# ###????????????????? | | ?# ##?????# ##??????????????????? | | ?# #??????# ####???????????????????? | | ?## #?????## ##?????????????????????? | | ??# ### ##?##### u #####?????????????????? | | ??# #?# #??# t @ ## ##????????????????? | | ### #?# #??# t # ###??????????????? | | #?# #??# ###### ##?????????????? | | ######?# #??#??????## #?????????????? | | ??????? ?????????# #?????????????? | | ??????? ????????# ############ | | ??????? ????????# | | ??????? ??????# t #### ############ | | ??????? ##??????# ## ##??# #?????????????? | | ???????? ##???????## k #####???# #?????????????? | | ???????????????????### #??????? #?????????????? | | ?????????????????????# #??????## #?????????????? | | ?????????????????????# ????????# #?????????????? | | ?????????????????????# ????????# #?????????????? | | ?????????????????????# ????????# ?????????????? | | ?????????????????????# ????????####?????????????? | | ?????????????????????# ??????????????????????????? | | ?????????????????????????????????????????????????? | | ?????????????????????????????????????????????????? | | ?????????????????????????????????????????????????? | | ?????????????????????????????????????????????????? | | ?????????????????????????????????????????????????? | | ?????????????????????????????????????????????????? | | ?????????????????????????????????????????????????? | | ?????????????????????????????????????????????????? | +----------------------------------------------------+ Best States ------------- Heat Dissipation 25 Energy Generation 12 Energy Capacity 265 Matter Stores 300 Matter Capacity 300 Sight Range 16 Terrain Scan Density 10 ECM Strength 1 Evasion (%) 55 Item Schematics ----------------- None Robot Schematics ------------------ None Fabricated ------------ Nothing Repaired ---------- Nothing Alien Tech Used ----------------- None Achievements -------------- None Challenges ------------ None Game ------ Seed BoreDrainedImmobilizer Manual? 0 Play Time 00:16:53 Cumulative 2.2 hours Start 2025.09.27 @ 13:37:10 End 2025.09.27 @ 13:53:47 Sessions 1 Manual Loads 0 Difficulty Rogue Special Mode None Game No. 9 Rogue 7 Adventurer 2 Explorer 0 Win Type - Total 0 Types 0/0/0/0/0/0/0/0/0/0 Lore% 2 Gallery% 8 Achievement% 6 Wizard Run 0 Options --------- Layout 1 ASCII 0 Keyboard 0 Movement Numpad Keybinds 0 Fullscreen 1 Font 24/Smallcaps Map View 50x35 Zoom Use 0% Tactical HUD 1 Map Filters NONE Filters NONE Steam 1 RUN: 732dedaf-12ab-4d57-a2b9-6452af0bba72